 Dungeon Crawl Stone Soup version 0.30-a0-165-g1891117ce2 (webtiles) character file.

Game seed: 5249164899075640342

38357 qw the Severer (level 14, -1/91 HPs)
             Began as a Gargoyle Fighter on Sept 28, 2022.
             Was a High Priest of Okawaru.
             Slain by a hog (13 damage)
             ... led by Kirke
             ... on level 5 of the Lair of Beasts.
             The game lasted 00:06:07 (16830 turns).

qw the Severer (Gargoyle Fighter)                  Turns: 16830, Time: 00:06:07

Health: -1/91      AC:  0    Str: 24    XL:     14   Next: 1%
Magic:  16/21      EV: 16    Int: 10    God:    Okawaru [*****.]
Gold:   679        SH:  0    Dex:  9    Spells: 13/13 levels left

rFire   . . .      SeeInvis .      - Unarmed
rCold   . . .      Faith    .    (shield currently unavailable)
rNeg    + . .      Spirit   .    (body armour currently unavailable)
rPois   inf        Reflect  .    (helmet currently unavailable)
rElec   .          Harm     .    (cloak currently unavailable)
rCorr   .          Rampage  .    (gloves currently unavailable)
Will    +....                    (boots currently unavailable)
Stlth   +++.......               (no amulet)
HPRegen 0.25/turn                (ring currently unavailable)
MPRegen 0.17/turn                (ring currently unavailable)

@: about to teleport, pig-form, heroic, finesse-ful, very quick
A: fast, no casting, sickness immunity, AC +10, small, (big wings), negative
energy resistance 1, (electricity resistance), torment resistance 1,
petrification resistance
a: Renounce Religion, Heroism, Finesse, Duel


You were on level 5 of the Lair of Beasts.
You worshipped Okawaru.
Okawaru was extremely pleased with you.
You were a filthy swine.
You visited 3 branches of the dungeon, and saw 14 of its levels.
You also visited: Ossuary.

You collected 815 gold pieces.
You spent 136 gold pieces at shops.


Innate Abilities, Weirdness & Mutations

You are a filthy swine.
You move quickly.
Your equipment is almost entirely melded.
You are incapable of wielding weapons or throwing items.
You cannot cast spells.
You are immune to sickness and miasma.
((Your stone body is resilient. (AC +10)))
You are immune to poison.
((Your large and strong wings let you fly.))
You resist negative energy. (rN+)
((You are resistant to electric shocks. (rElec)))
You are resistant to unholy torment.
You are immune to petrification.


   Skills:
 + Level 11.7(16.7) Fighting
 - Level 15.0(20.0) Axes
 - Level 4.2(9.2) Throwing
 - Level 8.0(13.0) Armour
 - Level 3.4(8.4) Dodging
 - Level 7.0(12.0) Shields
 - Level 10.1 Invocations


You had 13 spell levels left.
You didn't know any spells.
Your spell library was empty.

Inventory:

Hand Weapons
 h - a -2 demon whip of venom
 Y - a +3 broad axe of venom (melded)
Armour
 c - a +0 buckler (melded)
 i - a +2 pair of gloves (melded)
 j - a +2 scale mail of cold resistance (melded)
 l - a +0 pair of boots (melded)
 o - a +0 cloak (melded)
 s - a +0 chain mail
 v - a +0 helmet (melded)
Jewellery
 e - a ring of protection from fire (melded)
 k - a ring of fire
 n - a ring of positive energy
 q - a ring of see invisible (melded)
 u - a ring of willpower
 x - a ring of positive energy
Scrolls
 g - 4 scrolls of teleportation
 r - 10 scrolls of identify
Potions
 a - 4 potions of curing
 d - 3 potions of might
 f - 4 potions of heal wounds
 m - a potion of lignification
 p - 6 potions of attraction
 t - a potion of magic

Dungeon Overview and Level Annotations

Branches:
Dungeon (8/15)             Temple (1/1) D:4            Lair (5/5) D:8
  Swamp (0/4) Lair:2        Snake (0/4) Lair:2        Slime (0/5) Lair:4
Ossuary (visited)

Altars:
Ashenzari
Cheibriados
Dithmenos
Elyvilon
Fedhas
Gozag
Hepliaklqana
Kikubaaqudgha
Makhleb
Nemelex Xobeh
Okawaru
Qazlal
Ru
Sif Muna
Trog
Vehumet
Wu Jian
Xom
Yredelemnul
The Shining One
Jiyva

Shops:
D:1 (   D:5 [   D:7 ?   D:8 [

Annotations:
Lair:5 Kirke


Message History

The hog closely misses you.
You closely miss Kirke.
Kirke is heavily wounded.
The hog barely misses you. Kirke hits you!
You barely miss Kirke.
Kirke is heavily wounded.
The hog closely misses you.
You hit Kirke.
Kirke is heavily wounded.
The hog bites you! The hog bites you.
You hit Kirke.
Kirke is heavily wounded.
Kirke casts a spell at you.
You feel a momentary urge to oink. The hog bites you.
You closely miss Kirke.
Kirke is heavily wounded.
The hog barely misses you.
You barely miss Kirke.
Kirke is heavily wounded.
The hog bites you. The hog bites you!
You bite Kirke!
Kirke is heavily wounded.
The hog bites you.
Kirke mumbles some strange words.
Kirke summons a manticore!
The hog closely misses you.
You barely miss Kirke.
Kirke is heavily wounded.
The hog bites you. The hog barely misses you.
You bite Kirke!
Kirke is severely wounded.
The hog closely misses you. The hog barely misses you. Kirke hits you!
16829 ||| READING 5 scrolls of teleportation.
As you read the scroll of teleportation, it crumbles to dust.
You feel strangely unstable. The hog bites you. The hog misses you.
The hog closely misses you. The hog bites you. The hog barely misses you.
Kirke hits you. The hog bites you.
16830 ||| DRINKING 5 potions of heal wounds.
You feel much better. The hog bites you! x2
You die...

.............(.
................
..............(.
............?....
....#............
.....(.................
..)....H%...............
.......hh...............
.......h@h#.#...........
.......hh...##P.........
........................
......................P.
.......P................
......#####...#.........
.P.... ######........
####.# #........ #
#........


You could see Kirke, a manticore (summoned) and 5 hogs.

Vanquished Creatures
  Rupert (Lair:3)
  Nessos (Lair:3)
  3 centaur warriors (D:8)
  2 hydras
  A boulder beetle (D:8)
  2 catoblepae (Lair:3)
  3 death yaks (Lair:2)
  Amaemon (D:8)
  An ugly thing (D:8)
  19 elephants
  6 black mambas
  An orange demon (D:8)
  7 cane toads
  5 komodo dragons
  2 trolls
  A meliai (D:8)
  2 tyrant leeches (Lair:2)
  3 hornets (Lair:5)
  6 polar bears
  Grinder (D:4)
  14 blink frogs
  Sigmund (D:6)
  11 spriggans (Lair:5)
  A wyvern (Lair:3)
  14 yaks
  2 basilisks
  3 steam dragons
  Menkaure (D:6)
  A swamp worm (Lair:2)
  Duvessa (D:6)
  An acid dragon (D:8)
  11 water moccasins
  An ice beast (D:5)
  An orc warrior (D:8)
  2 black bears
  18 wolves
  2 ogres
  3 boggarts (Lair:5)
  A centaur (D:7)
  A phantom (D:4)
  A kobold brigand (D:5)
  8 bullfrogs
  A scorpion (D:5)
  7 wights
  Dowan (D:6)
  15 killer bees
  A howler monkey (D:5)
  2 electric eels (D:8)
  A bullfrog zombie (Ossuary)
  3 centaur zombies (Ossuary)
  8 hounds
  4 jellies
  3 scorpion zombies (Ossuary)
  4 iguanas
  4 orc wizards
  2 ogre zombies (Ossuary)
  A mummy (Ossuary)
  3 gnolls (D:5)
  5 adders
  A white imp (D:6)
  4 adder zombies (Ossuary)
  An adder skeleton (D:2)
  3 worms
  2 dart slugs (D:3)
  22 orcs
  2 ball pythons
  5 endoplasms
  3 giant cockroaches
  2 gnoll zombies (Ossuary)
  10 hobgoblins
  5 jackals
  6 quokkas
  2 ball python skeletons (D:2)
  8 bats
  A frilled lizard (D:2)
  2 giant cockroach zombies (D:2)
  6 goblins
  A goblin zombie (Ossuary)
  5 hobgoblin zombies (Ossuary)
  13 kobolds
  2 orc zombies (Ossuary)
  5 rats
  A bush (Lair:3)
344 creatures vanquished.

Vanquished Creatures (others)
  19 fungi
  21 plants
  2 withered plants (D:2)
42 creatures vanquished.

Grand Total: 386 creatures vanquished

Notes
Turn   | Place    | Note
-------+----------+-------------------------------------------
     0 | D:1      | qw the Gargoyle Fighter began the quest for the Orb.
     0 | D:1      | Reached XP level 1. HP: 14/14 MP: 1/1
     0 | D:1      | 0 ||| qw: Version: 0.2-a-12-gaebbb33
     0 | D:1      | 0 ||| qw: Game counter: 871
     0 | D:1      | 0 ||| qw: Always use a shield: true
     0 | D:1      | 0 ||| qw: God list: Okawaru
     0 | D:1      | 0 ||| qw: Allow faded altars: false
     0 | D:1      | 0 ||| qw: Do Orc after D:15 true
     0 | D:1      | 0 ||| qw: Do second Lair branch before Depths: true
     0 | D:1      | 0 ||| qw: Lair rune preference: random
     0 | D:1      | 0 ||| qw: Plans: Normal, Zot:1-4, God:TSO, Crypt, Tomb,
                  | Pan, Slime:5, Hells, Abyss, Orb
     0 | D:1      | 0 ||| PLANNING D:1-11
    37 | D:1      | Reached skill level 2 in Axes
   164 | D:1      | Reached XP level 2. HP: 19/19 MP: 2/2
   662 | D:1      | Found Vubodiom's Antique Weapon Shop.
   668 | D:1      | 668 ||| SHOPLISTING glowing mace (156 gold, have 25).
   888 | D:1      | Reached skill level 3 in Axes
   965 | D:1      | Reached XP level 3. HP: 23/23 MP: 3/3
  1127 | D:1      | Found a faded altar of an unknown god.
  1131 | D:1      | 1131 ||| UPGRADING to +0 pair of gloves.
  1136 | D:1      | 1136 ||| READING scroll labelled IFEPICZIAS.
  1138 | D:1      | 1138 ||| READING scroll labelled FIV BOSTRUFIETZ.
  1241 | D:1      | 1241 ||| Stepping ~*~*~tactically~*~*~ (stealth).
  1315 | D:1      | 1315 ||| DRINKING 5 fizzy coppery potions.
  1383 | D:2      | Found a glowing golden altar of the Shining One.
  1659 | D:2      | HP: 5/23 [worm (8)]
  1660 | D:2      | 1660 ||| DRINKING 4 potions of heal wounds.
  1678 | D:2      | 1678 ||| Stepping ~*~*~tactically~*~*~ (stealth).
  1786 | D:2      | Reached XP level 4. HP: 25/28 MP: 4/4
  1847 | D:2      | Reached skill level 4 in Axes
  2205 | D:2      | 2205 ||| UPGRADING to amulet of guardian spirit.
  2210 | D:2      | 2210 ||| READING scroll labelled FIETZEUTIT.
  2211 | D:2      | 2211 ||| DRINKING 2 dark potions.
  2212 | D:2      | 2212 ||| DROPPING potion of flight.
  2411 | D:3      | 2411 ||| Stepping ~*~*~tactically~*~*~ (stealth).
  2415 | D:3      | Reached XP level 5. HP: 30/32 MP: 3/5
  2418 | D:3      | 2418 ||| Stepping ~*~*~tactically~*~*~ (stealth).
  2419 | D:3      | 2419 ||| Stepping ~*~*~tactically~*~*~ (stealth).
  2420 | D:3      | 2420 ||| Stepping ~*~*~tactically~*~*~ (stealth).
  2421 | D:3      | 2421 ||| Stepping ~*~*~tactically~*~*~ (stealth).
  2451 | D:3      | Reached skill level 5 in Axes
  2627 | D:3      | Identified the +1 scale mail of the Cobbler {rN+}
  3114 | D:3      | 3114 ||| Stepping ~*~*~tactically~*~*~ (stealth).
  3192 | D:3      | Noticed an ogre
  3202 | D:3      | Killed an ogre
  3203 | D:3      | Reached XP level 6. HP: 27/39 MP: 4/6
  3439 | D:3      | 3439 ||| UPGRADING to +1 scale mail of the Cobbler {rN+}.
  3449 | D:3      | 3449 ||| DROPPING +0 scale mail.
  3450 | D:3      | 3450 ||| UPGRADING to +0 cloak.
  3455 | D:3      | 3455 ||| UPGRADING to +0 chain mail.
  3465 | D:3      | 3465 ||| DROPPING +1 scale mail of the Cobbler {rN+}.
  3466 | D:3      | 3466 ||| READING scroll labelled YFFACLOTWO.
  3467 | D:3      | 3467 ||| READING scroll labelled PAHE XAUHONANK.
  3468 | D:3      | 3468 ||| READING 2 scrolls labelled COARPH DIPSYH.
  3469 | D:3      | 3469 ||| DRINKING 3 silvery potions.
  3470 | D:3      | 3470 ||| DRINKING 2 blue potions.
  3693 | D:4      | Noticed Grinder
  3694 | D:4      | 3694 ||| Stepping ~*~*~tactically~*~*~ (hiding).
  3695 | D:4      | 3695 ||| Stepping ~*~*~tactically~*~*~ (hiding).
  3697 | D:4      | 3697 ||| Stepping ~*~*~tactically~*~*~ (hiding).
  3698 | D:4      | 3698 ||| Stepping ~*~*~tactically~*~*~ (hiding).
  3705 | D:4      | Paralysed by Grinder for 5 turns
  3718 | D:4      | Paralysed by Grinder for 3 turns
  3721 | D:4      | 3721 ||| FLEEEEING.
  3727 | D:4      | 3727 ||| FLEEEEING.
  3728 | D:4      | 3728 ||| FLEEEEING.
  3735 | D:4      | 3735 ||| STAIRDANCE
  3826 | D:3      | 3826 ||| UPGRADING to ring of positive energy.
  3827 | D:3      | 3827 ||| READING scroll labelled XIUQUTHRUSOV.
  3864 | D:4      | Killed Grinder
  3865 | D:4      | Reached skill level 6 in Axes
  3865 | D:4      | Reached XP level 7. HP: 37/44 MP: 5/7
  4214 | D:4      | Reached skill level 1 in Dodging
  4226 | D:4      | Found a staircase to the Ecumenical Temple.
  4227 | D:4      | 4227 ||| PLANNING TEMPLE
  4227 | D:4      | 4227 ||| READING scroll labelled WUSOCVITRA.
  4228 | D:4      | 4228 ||| READING scroll labelled WAVEOX NEEJUX.
  4228 | D:4      | Identified a scroll of acquirement
  4228 | D:4      | 4228 ||| ACQUIRING +2 broad axe of venom
  4228 | D:4      | Acquired a +2 broad axe of venom
  4230 | D:4      | 4230 ||| SWAPPING to +2 broad axe of venom.
  4231 | D:4      | 4231 ||| DROPPING +1 war axe.
  4237 | D:4      | 4237 ||| FLEEEEING.
  4238 | D:4      | 4238 ||| FLEEEEING.
  4239 | D:4      | 4239 ||| FLEEEEING.
  4245 | D:4      | 4245 ||| FLEEEEING.
  4246 | D:4      | 4246 ||| FLEEEEING.
  4250 | D:4      | 4250 ||| FLEEEEING.
  4251 | D:4      | 4251 ||| FLEEEEING.
  4252 | D:4      | 4252 ||| FLEEEEING.
  4253 | D:4      | 4253 ||| STAIRDANCE
  4255 | D:3      | 4255 ||| READING 2 scrolls of identify.
  4255 | D:3      | 4255 ||| IDENTIFYING white potion
  4256 | D:3      | 4256 ||| DROPPING potion of degeneration.
  4260 | D:4      | 4260 ||| STAIRDANCE
  4281 | Temple   | Entered the Ecumenical Temple
  4282 | Temple   | 4282 ||| PLANNING OKAWARU WORSHIP
  4917 | Temple   | Became a worshipper of Warmaster Okawaru
  4918 | Temple   | 4918 ||| PLANNING D:1-11
  4918 | Temple   | 4918 ||| REMOVING amulet of guardian spirit.
  4932 | Temple   | 4932 ||| DROPPING amulet of guardian spirit.
  5137 | D:5      | Entered Level 5 of the Dungeon
  5303 | D:5      | 5303 ||| FLEEEEING.
  5304 | D:5      | 5304 ||| FLEEEEING.
  5305 | D:5      | 5305 ||| FLEEEEING.
  5306 | D:5      | 5306 ||| FLEEEEING.
  5307 | D:5      | 5307 ||| FLEEEEING.
  5308 | D:5      | 5308 ||| FLEEEEING.
  5309 | D:5      | 5309 ||| FLEEEEING.
  5310 | D:5      | 5310 ||| FLEEEEING.
  5311 | D:5      | 5311 ||| FLEEEEING.
  5312 | D:5      | 5312 ||| FLEEEEING.
  5313 | D:5      | 5313 ||| FLEEEEING.
  5314 | D:5      | 5314 ||| FLEEEEING.
  5315 | D:5      | 5315 ||| FLEEEEING.
  5316 | D:5      | 5316 ||| STAIRDANCE
  5362 | D:4      | 5362 ||| UPGRADING to +2 scale mail of cold resistance.
  5583 | D:5      | 5583 ||| READING scroll of enchant weapon.
  5583 | D:5      | 5583 ||| ENCHANTING +2 broad axe of venom.
  5598 | D:5      | Reached skill level 7 in Axes
  5611 | D:5      | 5611 ||| DROPPING +0 mace.
  5721 | D:5      | Found Dobrynya's Dragon-Slaying Spoils.
  5728 | D:5      | 5728 ||| SHOPLISTING +0 acid dragon scales (520 gold, have
                  | 128).
  5728 | D:5      | 5728 ||| SHOPLISTING +0 fire dragon scales (780 gold, have
                  | 128).
  5728 | D:5      | 5728 ||| SHOPLISTING +0 gold dragon scales (1040 gold, have
                  | 128).
  5728 | D:5      | 5728 ||| SHOPLISTING +0 shadow dragon scales (1040 gold,
                  | have 128).
  5728 | D:5      | 5728 ||| SHOPLISTING +0 storm dragon scales (1040 gold,
                  | have 128).
  5728 | D:5      | 5728 ||| SHOPLISTING +1 ice dragon scales (871 gold, have
                  | 128).
  5728 | D:5      | 5728 ||| SHOPLISTING +3 pearl dragon scales "Biariwy" {rC-
                  | rN+ Str+9} (1592 gold, have 128).
  5728 | D:5      | 5728 ||| SHOPLISTING quicksilver dragon scales (780 gold,
                  | have 128).
  5846 | D:5      | Reached XP level 8. HP: 31/50 MP: 8/8
  6148 | D:5      | 6148 ||| Stepping ~*~*~tactically~*~*~ (stealth).
  6149 | D:5      | 6149 ||| Stepping ~*~*~tactically~*~*~ (stealth).
  6153 | D:5      | 6153 ||| FLEEEEING.
  6154 | D:5      | 6154 ||| FLEEEEING.
  6155 | D:5      | 6155 ||| FLEEEEING.
  6156 | D:5      | 6156 ||| FLEEEEING.
  6157 | D:5      | 6157 ||| FLEEEEING.
  6158 | D:5      | 6158 ||| FLEEEEING.
  6159 | D:5      | 6159 ||| FLEEEEING.
  6160 | D:5      | 6160 ||| FLEEEEING.
  6171 | D:5      | Reached * piety under Okawaru
  6230 | D:5      | 6230 ||| Stepping ~*~*~tactically~*~*~ (stealth).
  6231 | D:5      | 6231 ||| Stepping ~*~*~tactically~*~*~ (stealth).
  6235 | D:5      | 6235 ||| INVOKING Heroism.
  6241 | D:5      | Reached skill level 8 in Axes
  6414 | D:5      | Reached skill level 1 in Invocations
  6569 | D:5      | 6569 ||| READING 3 scrolls of identify.
  6569 | D:5      | 6569 ||| IDENTIFYING murky inky potion
  6570 | D:5      | 6570 ||| READING 2 scrolls of identify.
  6570 | D:5      | 6570 ||| IDENTIFYING orange potion
  6571 | D:5      | 6571 ||| DROPPING potion of brilliance.
  6681 | D:6      | 6681 ||| INVOKING Heroism.
  6741 | D:6      | Noticed Dowan
  6742 | D:6      | Noticed Duvessa
  6742 | D:6      | 6742 ||| INVOKING Heroism.
  6745 | D:6      | 6745 ||| Stepping ~*~*~tactically~*~*~ (stealth).
  6751 | D:6      | Killed Duvessa
  6752 | D:6      | Reached skill level 6 in Fighting
  6754 | D:6      | 6754 ||| INVOKING Heroism.
  6764 | D:6      | Killed Dowan
  6768 | D:6      | Reached skill level 3 in Invocations
  6853 | D:6      | 6853 ||| INVOKING Heroism.
  7042 | D:6      | Noticed Menkaure
  7043 | D:6      | 7043 ||| INVOKING Heroism.
  7054 | D:6      | Killed Menkaure
  7055 | D:6      | Reached XP level 9. HP: 25/55 MP: 9/12
  7319 | D:6      | Noticed Sigmund
  7320 | D:6      | 7320 ||| INVOKING Heroism.
  7321 | D:6      | 7321 ||| DRINKING 3 potions of curing.
  7321 | D:6      | 7321 ||| (to cure confusion)
  7329 | D:6      | Killed Sigmund
  7353 | D:6      | 7353 ||| UPGRADING to ring of protection from fire.
  7385 | D:7      | 7385 ||| PLANNING OSSUARY
  7443 | D:7      | 7443 ||| Stepping ~*~*~tactically~*~*~ (hiding).
  7452 | D:7      | 7452 ||| DRINKING 2 potions of curing.
  7452 | D:7      | 7452 ||| (to cure confusion)
  7458 | D:7      | 7458 ||| Stepping ~*~*~tactically~*~*~ (stealth).
  7459 | D:7      | 7459 ||| Stepping ~*~*~tactically~*~*~ (stealth).
  7498 | D:7      | Found Uvemyuda's Magic Scroll Shop.
  7506 | D:7      | 7506 ||| BUYING scroll of identify (26 gold).
  7506 | D:7      | Bought a scroll of identify for 26 gold pieces
  7506 | D:7      | 7506 ||| BUYING scroll of identify (26 gold).
  7506 | D:7      | Bought a scroll of identify for 26 gold pieces
  7506 | D:7      | 7506 ||| BUYING scroll of identify (26 gold).
  7506 | D:7      | Bought a scroll of identify for 26 gold pieces
  7530 | D:7      | Reached skill level 9 in Axes
  7571 | D:7      | 7571 ||| INVOKING Heroism.
  7587 | D:7      | Reached ** piety under Okawaru
  7736 | D:7      | Found a sand-covered staircase.
  7742 | Ossuary  | Entered an ossuary
  8119 | Ossuary  | Noticed a silent spectre
  8156 | D:7      | 8156 ||| PLANNING D:1-11
  8390 | D:7      | Noticed a troll
  8391 | D:7      | 8391 ||| INVOKING Heroism.
  8400 | D:7      | Killed a troll
  8401 | D:7      | Reached skill level 10 in Axes
  8567 | D:7      | 8567 ||| READING scroll labelled HYQOTH TUCWUQY.
  8568 | D:7      | 8568 ||| READING scroll labelled UGEUHE GEFO.
  8569 | D:7      | 8569 ||| READING scroll labelled TUWUARALOPS.
  8570 | D:7      | 8570 ||| READING 7 scrolls of identify.
  8570 | D:7      | 8570 ||| IDENTIFYING sedimented white potion
  8601 | D:8      | 8601 ||| INVOKING Heroism.
  8602 | D:8      | 8602 ||| STAIRDANCE
  8652 | D:8      | 8652 ||| INVOKING Heroism.
  8665 | D:8      | Reached XP level 10. HP: 64/64 MP: 11/13
  8701 | D:8      | Noticed a centaur warrior
  8704 | D:8      | 8704 ||| INVOKING Heroism.
  8716 | D:8      | Killed a centaur warrior
  8716 | D:8      | Reached *** piety under Okawaru
  8717 | D:8      | Reached skill level 3 in Dodging
  8882 | D:8      | 8882 ||| INVOKING Heroism.
  8883 | D:8      | Found the +18 Lear's hauberk
  8889 | D:8      | 8889 ||| FLEEEEING.
  8893 | D:8      | 8893 ||| FLEEEEING.
  8894 | D:8      | 8894 ||| FLEEEEING.
  8895 | D:8      | 8895 ||| FLEEEEING.
  8896 | D:8      | 8896 ||| FLEEEEING.
  8897 | D:8      | 8897 ||| FLEEEEING.
  8898 | D:8      | 8898 ||| FLEEEEING.
  8899 | D:8      | 8899 ||| FLEEEEING.
  8900 | D:8      | 8900 ||| FLEEEEING.
  8901 | D:8      | 8901 ||| FLEEEEING.
  8902 | D:8      | 8902 ||| FLEEEEING.
  8903 | D:8      | 8903 ||| FLEEEEING.
  8904 | D:8      | 8904 ||| FLEEEEING.
  8905 | D:8      | 8905 ||| FLEEEEING.
  8906 | D:8      | 8906 ||| FLEEEEING.
  8907 | D:8      | 8907 ||| FLEEEEING.
  8908 | D:8      | 8908 ||| FLEEEEING.
  8909 | D:8      | 8909 ||| FLEEEEING.
  8910 | D:8      | 8910 ||| FLEEEEING.
  8911 | D:8      | 8911 ||| FLEEEEING.
  8912 | D:8      | 8912 ||| FLEEEEING.
  8913 | D:8      | 8913 ||| STAIRDANCE
  9065 | D:8      | 9065 ||| INVOKING Heroism.
  9109 | D:8      | Noticed Amaemon
  9109 | D:8      | Noticed an orange demon
  9110 | D:8      | 9110 ||| INVOKING Heroism.
  9118 | D:8      | Killed an orange demon
  9122 | D:8      | Killed Amaemon
  9236 | D:8      | 9236 ||| DROPPING +0 morningstar.
  9249 | D:8      | Reached skill level 11 in Axes
  9282 | D:8      | Found Kolacw's Armour Shoppe.
  9290 | D:8      | 9290 ||| BUYING +0 pair of boots (58 gold).
  9290 | D:8      | Bought a +0 pair of boots for 58 gold pieces
  9290 | D:8      | 9290 ||| SHOPLISTING +1 cloak of stealth (214 gold, have
                  | 184).
  9290 | D:8      | 9290 ||| SHOPLISTING +3 scale mail of willpower (338 gold,
                  | have 184).
  9342 | D:8      | Noticed a centaur warrior
  9347 | D:8      | 9347 ||| INVOKING Heroism.
  9353 | D:8      | Killed a centaur warrior
  9353 | D:8      | Reached **** piety under Okawaru
  9354 | D:8      | Reached skill level 9 in Fighting
  9569 | D:8      | 9569 ||| INVOKING Heroism.
  9586 | D:8      | Reached XP level 11. HP: 31/71 MP: 14/14
  9627 | D:8      | 9627 ||| INVOKING Heroism.
  9799 | D:8      | 9799 ||| INVOKING Heroism.
  9865 | D:8      | Noticed a purple ugly thing
  9881 | D:8      | Killed a purple ugly thing
  9882 | D:8      | Reached skill level 6 in Invocations
  9888 | D:8      | 9888 ||| FLEEEEING.
  9985 | D:8      | 9985 ||| Stepping ~*~*~tactically~*~*~ (stealth).
 10097 | D:8      | 10097 ||| READING scroll of enchant armour.
 10097 | D:8      | 10097 ||| ENCHANTING +0 pair of gloves.
 10124 | D:8      | Found a staircase to the Lair.
 10163 | D:8      | 10163 ||| Stepping ~*~*~tactically~*~*~ (stealth).
 10175 | D:8      | 10175 ||| READING scroll of enchant armour.
 10175 | D:8      | 10175 ||| ENCHANTING +1 pair of gloves.
 10451 | D:8      | 10451 ||| UPGRADING to +0 pair of boots.
 10456 | D:8      | 10456 ||| DROPPING +1 pair of gloves.
 10457 | D:8      | 10457 ||| UPGRADING to ring of see invisible.
 10521 | D:8      | Noticed a centaur warrior
 10521 | D:8      | Noticed a boulder beetle
 10522 | D:8      | 10522 ||| Stepping ~*~*~tactically~*~*~ (hiding).
 10523 | D:8      | 10523 ||| INVOKING Heroism.
 10531 | D:8      | Killed a boulder beetle
 10538 | D:8      | Killed a centaur warrior
 10780 | D:8      | 10780 ||| PLANNING LAIR
 10831 | Lair:1   | Entered Level 1 of the Lair of Beasts
 10871 | Lair:1   | 10871 ||| INVOKING Heroism.
 10958 | Lair:1   | 10958 ||| INVOKING Heroism.
 10965 | Lair:1   | Reached ***** piety under Okawaru
 10973 | Lair:1   | 10973 ||| INVOKING Heroism.
 10978 | Lair:1   | Reached skill level 12 in Axes
 11170 | Lair:1   | 11170 ||| INVOKING Heroism.
 11378 | Lair:1   | 11378 ||| INVOKING Heroism.
 11385 | Lair:1   | Received a gift from Okawaru
 11485 | Lair:1   | 11485 ||| INVOKING Heroism.
 11537 | Lair:1   | 11537 ||| INVOKING Heroism.
 11709 | Lair:1   | 11709 ||| INVOKING Heroism.
 11717 | Lair:1   | Reached skill level 6 in Shields
 12111 | Lair:2   | Found a staircase to the Snake Pit.
 12112 | Lair:2   | 12112 ||| PLANNING GAUNTLET
 12113 | Lair:2   | 12113 ||| INVOKING Heroism.
 12115 | Lair:2   | 12115 ||| STAIRDANCE
 12181 | Lair:2   | 12181 ||| INVOKING Heroism.
 12188 | Lair:2   | Noticed a seven-headed hydra
 12189 | Lair:2   | 12189 ||| Stepping ~*~*~tactically~*~*~ (stealth).
 12207 | Lair:2   | Reached skill level 9 in Invocations
 12207 | Lair:2   | 12207 ||| SWAPPING to -2 demon whip of venom.
 12215 | Lair:2   | Killed a seven-headed hydra
 12216 | Lair:2   | Reached skill level 6 in Armour
 12216 | Lair:2   | Reached XP level 12. HP: 50/76 MP: 17/19
 12216 | Lair:2   | 12216 ||| SWAPPING to +3 broad axe of venom.
 12358 | Lair:2   | 12358 ||| INVOKING Heroism.
 12361 | Lair:2   | HP: 12/76 [tyrant leech (23)]
 12362 | Lair:2   | 12362 ||| READING 6 scrolls of teleportation.
 12363 | Lair:2   | 12363 ||| DRINKING 5 potions of heal wounds.
 12504 | Lair:2   | 12504 ||| INVOKING Heroism.
 12628 | Lair:2   | Reached skill level 1 in Throwing
 12667 | Lair:2   | Noticed a death yak
 12668 | Lair:2   | 12668 ||| INVOKING Heroism.
 12669 | Lair:2   | 12669 ||| INVOKING Finesse.
 12672 | Lair:2   | Noticed a death yak
 12674 | Lair:2   | 12674 ||| RIP GAUNTLET
 12675 | Lair:2   | 12675 ||| PLANNING LAIR
 12679 | Lair:2   | Killed a death yak
 12683 | Lair:2   | Noticed a death yak
 12686 | Lair:2   | Killed a death yak
 12689 | Lair:2   | 12689 ||| Stepping ~*~*~tactically~*~*~ (stealth).
 12698 | Lair:2   | 12698 ||| Stepping ~*~*~tactically~*~*~ (stealth).
 12699 | Lair:2   | Killed a death yak
 12789 | Lair:2   | 12789 ||| FLEEEEING.
 12861 | Lair:2   | 12861 ||| INVOKING Heroism.
 12999 | Lair:2   | Found a staircase to the Swamp.
 13091 | Lair:2   | 13091 ||| Stepping ~*~*~tactically~*~*~ (stealth).
 13092 | Lair:2   | 13092 ||| Stepping ~*~*~tactically~*~*~ (stealth).
 13186 | Lair:2   | 13186 ||| UPGRADING to +0 helmet.
 13191 | Lair:2   | 13191 ||| READING scroll labelled XEGUKLE QAUNE.
 13274 | Lair:3   | Noticed Nessos
 13275 | Lair:3   | 13275 ||| INVOKING Finesse.
 13284 | Lair:3   | Killed Nessos
 13285 | Lair:3   | Reached skill level 13 in Axes
 13418 | Lair:3   | 13418 ||| INVOKING Heroism.
 13459 | Lair:3   | 13459 ||| INVOKING Heroism.
 13471 | Lair:3   | Identified the +8 quarterstaff of Thoughtfulness {chaos,
                  | rF+ Int+3 Stlth+} (Okawaru gifted it to you on level 3 of
                  | the Lair of Beasts)
 13471 | Lair:3   | Received a gift from Okawaru
 13643 | Lair:3   | Noticed a catoblepas
 13644 | Lair:3   | 13644 ||| INVOKING Heroism.
 13646 | Lair:3   | 13646 ||| INVOKING Finesse.
 13657 | Lair:3   | Killed a catoblepas
 13658 | Lair:3   | Reached skill level 3 in Throwing
 13730 | Lair:3   | 13730 ||| Stepping ~*~*~tactically~*~*~ (stealth).
 13731 | Lair:3   | 13731 ||| Stepping ~*~*~tactically~*~*~ (stealth).
 13738 | Lair:3   | Reached XP level 13. HP: 82/82 MP: 20/20
 13792 | Lair:3   | Noticed Rupert
 13793 | Lair:3   | 13793 ||| FLEEEEING.
 13794 | Lair:3   | 13794 ||| FLEEEEING.
 13795 | Lair:3   | 13795 ||| FLEEEEING.
 13796 | Lair:3   | 13796 ||| FLEEEEING.
 13797 | Lair:3   | 13797 ||| FLEEEEING.
 13799 | Lair:3   | 13799 ||| INVOKING Heroism.
 13800 | Lair:3   | 13800 ||| INVOKING Finesse.
 13818 | Lair:3   | Killed Rupert
 13823 | Lair:3   | 13823 ||| Stepping ~*~*~tactically~*~*~ (hiding).
 13833 | Lair:3   | Reached skill level 14 in Axes
 13849 | Lair:3   | 13849 ||| INVOKING Heroism.
 14338 | Lair:4   | 14338 ||| Stepping ~*~*~tactically~*~*~ (stealth).
 14342 | Lair:4   | 14342 ||| INVOKING Heroism.
 14487 | Lair:4   | 14487 ||| INVOKING Heroism.
 14720 | Lair:4   | 14720 ||| Stepping ~*~*~tactically~*~*~ (stealth).
 14736 | Lair:4   | 14736 ||| INVOKING Heroism.
 15118 | Lair:4   | Found a shimmering altar of Xom.
 15161 | Lair:4   | 15161 ||| INVOKING Heroism.
 15162 | Lair:4   | 15162 ||| INVOKING Finesse.
 15164 | Lair:4   | 15164 ||| SWAPPING to -2 demon whip of venom.
 15173 | Lair:4   | 15173 ||| SWAPPING to +3 broad axe of venom.
 15214 | Lair:4   | Found a viscous altar of Jiyva.
 15217 | Lair:4   | Found a staircase to the Slime Pits.
 15811 | Lair:4   | 15811 ||| DROPPING amulet of faith.
 15812 | Lair:4   | 15812 ||| READING scroll labelled FIENEI BEKOWE.
 15857 | Lair:5   | Entered Level 5 of the Lair of Beasts
 15858 | Lair:5   | 15858 ||| INVOKING Heroism.
 15860 | Lair:5   | 15860 ||| Stepping ~*~*~tactically~*~*~ (stealth).
 15872 | Lair:5   | 15872 ||| Stepping ~*~*~tactically~*~*~ (stealth).
 15873 | Lair:5   | 15873 ||| Stepping ~*~*~tactically~*~*~ (stealth).
 15904 | Lair:5   | 15904 ||| FLEEEEING.
 15905 | Lair:5   | 15905 ||| FLEEEEING.
 15906 | Lair:5   | 15906 ||| FLEEEEING.
 15914 | Lair:5   | 15914 ||| STAIRDANCE
 16003 | Lair:5   | 16003 ||| Stepping ~*~*~tactically~*~*~ (hiding).
 16021 | Lair:5   | 16021 ||| INVOKING Heroism.
 16048 | Lair:5   | 16048 ||| INVOKING Finesse.
 16068 | Lair:5   | 16068 ||| Stepping ~*~*~tactically~*~*~ (stealth).
 16117 | Lair:5   | 16117 ||| INVOKING Heroism.
 16118 | Lair:5   | 16118 ||| Stepping ~*~*~tactically~*~*~ (stealth).
 16122 | Lair:5   | 16122 ||| Stepping ~*~*~tactically~*~*~ (stealth).
 16228 | Lair:5   | 16228 ||| Stepping ~*~*~tactically~*~*~ (stealth).
 16229 | Lair:5   | 16229 ||| INVOKING Heroism.
 16231 | Lair:5   | 16231 ||| INVOKING Finesse.
 16248 | Lair:5   | 16248 ||| Stepping ~*~*~tactically~*~*~ (stealth).
 16300 | Lair:5   | Received a gift from Okawaru
 16314 | Lair:5   | 16314 ||| FLEEEEING.
 16315 | Lair:5   | 16315 ||| INVOKING Finesse.
 16316 | Lair:5   | 16316 ||| FLEEEEING.
 16320 | Lair:5   | HP: 21/84 [elephant[a boggart] (5)]
 16321 | Lair:5   | 16321 ||| READING 6 scrolls of teleportation.
 16322 | Lair:5   | 16322 ||| DRINKING 6 potions of heal wounds.
 16461 | Lair:5   | 16461 ||| Stepping ~*~*~tactically~*~*~ (stealth).
 16468 | Lair:5   | 16468 ||| Stepping ~*~*~tactically~*~*~ (stealth).
 16472 | Lair:5   | 16472 ||| INVOKING Heroism.
 16517 | Lair:5   | 16517 ||| Stepping ~*~*~tactically~*~*~ (stealth).
 16623 | Lair:5   | Reached skill level 15 in Axes
 16637 | Lair:5   | Received a gift from Okawaru
 16743 | Lair:5   | 16743 ||| INVOKING Heroism.
 16776 | Lair:5   | Gained mutation: Your large and strong wings let you fly.
                  | [Gargoyle growth]
 16776 | Lair:5   | Reached XP level 14. HP: 90/90 MP: 21/21
 16800 | Lair:5   | Noticed Kirke
 16801 | Lair:5   | 16801 ||| Stepping ~*~*~tactically~*~*~ (stealth).
 16805 | Lair:5   | 16805 ||| Stepping ~*~*~tactically~*~*~ (stealth).
 16806 | Lair:5   | 16806 ||| INVOKING Heroism.
 16807 | Lair:5   | 16807 ||| INVOKING Finesse.
 16808 | Lair:5   | 16808 ||| Stepping ~*~*~tactically~*~*~ (stealth).
 16828 | Lair:5   | HP: 13/91 [Kirke (14)]
 16829 | Lair:5   | 16829 ||| READING 5 scrolls of teleportation.
 16829 | Lair:5   | HP: 5/91 [Kirke (2)]
 16830 | Lair:5   | 16830 ||| DRINKING 5 potions of heal wounds.
 16830 | Lair:5   | Slain by a hog

Levels and vault maps discovered:
D:1:      dpeg_arrival_court, layout_basic, serial_shops,
          nicolae_shop_overgrown_old_shop, shapermc_ecumenical_altar_notcrosses,
          corexii_leaking_fountain
D:2:      layout_basic, basic_altar, serial_undead, serial_undead_e,
          serial_undead_f, serial_undead_e, serial_undead_c
D:3:      layout_basic, kennysheep_generic_room_3
D:4:      layout_loops_ring, minmay_temple_entry_statues_pillars,
          kennysheep_cross_room, uniq_grinder
D:5:      layout_basic, serial_bayou, serial_bayou_pond_e, serial_bayou_pond_d,
          serial_bayou_crossing, serial_bayou_pond_e, nicolae_shop_dragon_depot,
          kennysheep_generic_room_2
D:6:      layout_gridville, minmay_misc_feat_pillars, uniq_duvessa,
          uniq_sigmund, uniq_menkaure
D:7:      nicolae_BIG_FREAKIN_CUBE, layout_rooms, nicolae_ossuary_entry_plus,
          serial_shops, shop_statue, minmay_misc_feat_nine_boxes
D:8:      minmay_diamond_stairs, layout_cave_pods, erik_lair_island,
          serial_shops, shop, uniq_amaemon
Temple:   compressed_dpeg_triangle_lava_temple
Lair:1:   layout_regular_city, lemuel_fruit_fields, lemuel_fruit_fields,
          lemuel_fruit_tree
Lair:2:   layout_roguey, minmay_swamp_entry_worms, dummy_snake_entry,
          gauntlet_entry_generic, fungi_pond_lemuel
Lair:3:   layout_misc_corridors, st_stairs_4, infiniplex_staircase_pool,
          uniq_rupert, uniq_nessos
Lair:4:   layout_layer_cave, slime_entry_1, basic_altar
Lair:5:   minmay_lair_end_enchanted_forest, layout_hall_layers,
          lemuel_fruit_fields, uniq_kirke

Skill      XL: |  1  2  3  4  5  6  7  8  9 10 11 12 13 |
---------------+----------------------------------------+-----
Axes           | 2 3 4 5 6 7 8 10 11 12 13 15 | 15.0
Fighting       | 4 5 6 7 9 10 11 | 11.7
Dodging        | 1 3 |  3.4
Invocations    | 4 5 9 10 | 10.1
Shields        | 4 5 6 7 |  7.0
Armour         | 4 6 7 8 |  8.0
Throwing       | 3 4 |  4.2

Action                   |  1- 3 |  4- 6 |  7- 9 | 10-12 | 13-15 || total
-------------------------+-------+-------+-------+-------+-------++-------
Melee: War axe           |   130 |   124 |    33 |       |       ||   287
       Broad axe         |       |       |   270 |   340 |   295 ||   905
       Demon whip        |       |       |       |     6 |     6 ||    12
       Unarmed           |       |       |       |       |    20 ||    20
Throw: Boomerang         |       |       |     3 |    40 |    26 ||    69
       Javelin           |       |       |       |     6 |    31 ||    37
Invok: Heroism           |       |       |    11 |    26 |    13 ||    50
       Finesse           |       |       |       |     3 |     6 ||     9
  Use: Scroll            |     2 |     5 |    10 |     4 |     3 ||    24
       Potion            |     2 |     3 |     2 |     1 |     2 ||    10
Armor: Scale mail        |    64 |    48 |   126 |   212 |    97 ||   547
       Chain mail        |       |    19 |    23 |       |       ||    42
Dodge: Dodged            |    62 |    41 |   109 |   179 |    97 ||   488
Block: Buckler           |    14 |    22 |    63 |    84 |    56 ||   239

Table legend:
 A = Non-vault XP
 B = Vault XP
 C = Vault XP percentage of total XP
 D = Non-vault monster count
 E = Vault monster count
 F = Vault count percentage of total count
                 A         B        C        D         E       F
            +---------+---------+-------+---------+---------+-------
      Total |   36969 |   17827 |  32.5 |     251 |      92 |  26.8
            +---------+---------+-------+---------+---------+-------
        D:1 |      46 |       0 |   0.0 |      29 |       0 |   0.0
        D:2 |      45 |       9 |  16.7 |      17 |       5 |  22.7
        D:3 |     279 |       2 |   0.7 |      25 |       1 |   3.8
        D:4 |     192 |     267 |  58.2 |      10 |       1 |   9.1
        D:5 |     802 |     135 |  14.4 |      21 |       2 |   8.7
        D:6 |     343 |     612 |  64.1 |      11 |       4 |  26.7
        D:7 |    1201 |       0 |   0.0 |      14 |       0 |   0.0
        D:8 |    1971 |    6084 |  75.5 |      29 |      14 |  32.6
     Lair:1 |    4751 |       0 |   0.0 |      15 |       0 |   0.0
     Lair:2 |    7685 |     744 |   8.8 |      21 |       3 |  12.5
     Lair:3 |    8132 |    3601 |  30.7 |      25 |       4 |  13.8
     Lair:4 |    3833 |       0 |   0.0 |      11 |       0 |   0.0
     Lair:5 |    7689 |    5969 |  43.7 |      23 |      34 |  59.6
    Ossuary |       0 |     404 | 100.0 |       0 |      24 | 100.0
            +---------+---------+-------+---------+---------+-------
